 Dungeon Crawl Stone Soup version 0.31.0-12-g77e489cdc1 (webtiles) character file.

Game seed: 18367458575861848592

11013 Gabide the Destroyer (level 11, -19/89 HPs)
             Began as a Demigod Conjurer on Feb 11, 2024.
             Demolished by a cane toad (21 damage)
             ... on level 1 of the Lair of Beasts.
             The game lasted 00:33:42 (16097 turns).

Gabide the Destroyer (Demigod Conjurer)            Turns: 16097, Time: 00:33:43

Health: -19/89     AC:  8    Str:  8    XL:     11   Next: 20%
Magic:  3/29       EV: 14    Int: 32    God:
Gold:   75         SH:  0    Dex: 15    Spells: 11/29 levels left

rFire   . . .        a - +1 whip (elec)
rCold   . . .        (no shield)
rNeg    + . .        x - +0 steam dragon scales
rPois   .            C - +1 hat of Nemelex Xobeh's Favour {Will+ Regen+ Dex+3}
rElec   .            D - +0 cloak
rCorr   .            (no gloves)
SInv    .            q - +0 pair of boots
Will    ++...        (no amulet)
Stlth   ++           f - ring of positive energy
HPRegen 1.14/turn    (no ring)
MPRegen 0.21/turn

%: no passive effects
@: lethally poisoned (-19 -> -20), on berserk cooldown, slowed, very slow
A: high MP 1, forlorn, divine attributes
a: no special abilities


You were on level 1 of the Lair of Beasts.
You visited 3 branches of the dungeon, and saw 12 of its levels.
You also visited: Sewer.

You collected 538 gold pieces.
You spent 463 gold pieces at shops.

Inventory:

Hand Weapons
 a - a +1 whip of electrocution (weapon)
 b - a +0 mace of protection
 o - a +0 dagger of speed
Missiles
 g - 8 javelins
 n - 53 poisoned darts
 y - a curare-tipped dart
Armour
 q - a +0 pair of boots (worn)
 x - +0 steam dragon scales (worn)
 C - the +1 hat of Nemelex Xobeh's Favour (worn) {Will+ Regen+ Dex+3}
   (You acquired it on level 7 of the Dungeon)

   Dex+3:     It affects your dexterity (+3).
   Will+:     It increases your willpower.
   Regen+:    It increases your rate of health regeneration.
 D - a +0 cloak (worn)
Jewellery
 f - a ring of positive energy (left hand)
 k - the ring of Recklessness {Fly rN+ Str+3 Int-5}
   (You found it on level 3 of the Dungeon)

   [ring of flight]

   Str+3:     It affects your strength (+3).
   Int-5:     It affects your intelligence (-5).
   rN+:       It protects you from negative energy.
   Fly:       It grants you flight.
Wands
 l - a wand of flame (23)
 A - a wand of paralysis (3)
Scrolls
 d - 2 scrolls of blinking
 e - 5 scrolls of teleportation
 r - a scroll of poison
 v - a scroll of noise
 E - a scroll of identify
 F - a scroll of enchant weapon {unknown}
 G - a scroll of fog
 J - a scroll of fear
Potions
 h - a potion of lignification
 i - a potion of mutation
 m - a potion of ambrosia {unknown}
 p - a potion of haste
 s - a potion of resistance
 t - a potion of curing
 u - 2 potions of attraction
 w - 3 potions of enlightenment
 z - a potion of brilliance
 B - a potion of invisibility {unknown}
 I - a potion of heal wounds {unknown}
Miscellaneous
 c - a lightning rod (4/4)
 H - a tin of tremorstones (2/2)


   Skills:
 - Level 6.0 Fighting
 - Level 6.0 Dodging
 - Level 3.0 Stealth
 * Level 9.8 Spellcasting
 * Level 10.3 Conjurations
 * Level 1.7 Alchemy


You had 11 spell levels left.
You knew the following spells:

 Your Spells              Type           Power      Damage    Failure   Level
a - Magic Dart            Conj           100%       1d8       1%          1
b - Searing Ray           Conj           100%       2d8       1%          2
c - Blink                 Tloc           30%        N/A       4%          2
d - Fulminant Prism       Conj/Alch      26%        3d14      2%          4
e - Iskenderun's Mystic   Conj/Tloc      48%        2d11      3%          4
f - Irradiate             Conj/Alch      26%        3d20      7%          5

Your spell library contained the following spells:

 Spells                   Type           Power      Damage    Failure   Level
 Call Imp                 Summ           30%        N/A       4%          2
 Ensorcelled Hibernation  Hex/Ice        30%        N/A       4%          2
 Fugue of the Fallen      Necr           15%        N/A       10%         3
 Gell's Gravitas          Tloc           15%        N/A       10%         3
 Inner Flame              Hex/Fire       15%        N/A       10%         3
 Teleport Other           Tloc           15%        N/A       10%         3
 Anguish                  Hex/Necr       7%         N/A       30%         4
 Dispersal                Tloc           7%         N/A       99%         6
 Ignition                 Fire           7%         3d5       100%        8


Dungeon Overview and Level Annotations

Branches:
Dungeon (10/15)            Temple (1/1) D:5            Lair (1/5) D:9
  Sewer (visited)
    Orc: D:9-12

Shops:
D:3 :   D:4 [(   D:10 (*(([

Annotations:
Lair:1 exclusion: oklob plant


Innate Abilities, Weirdness & Mutations

You have an increased reservoir of magic. (+10% MP)
You shall have no god before yourself.
Your divine heritage dramatically boosts your attributes as you level up.


Message History

The cane toad is moderately wounded.
You feel very sick. The cane toad stings you. The cane toad stings you!!
You are more poisoned.
The cane toad poisons you!
You feel better. The cane toad stings you.
You are poisoned.
The cane toad poisons you! The cane toad closely misses you.
A red film seems to cover your vision as you go berserk!
You feel yourself moving faster!
You feel mighty!
You feel very sick. The cane toad stings you.
You are more poisoned.
The cane toad poisons you! The cane toad barely misses you.
You closely miss the cane toad.
The cane toad is almost dead.
You feel very sick. The cane toad stings you. The cane toad stings you!
You hit the cane toad.
The cane toad is almost dead.
You feel very sick.
The cane toad stings you but does no damage.
The cane toad stings you!
You barely miss the cane toad.
The cane toad is almost dead.
You feel very sick. The cane toad stings you!
* * * LOW HITPOINT WARNING * * *
The cane toad stings you!!
* * * LOW HITPOINT WARNING * * *
You feel sick.
You feel a strong urge to attack something.
You feel sick.
You feel sick.
You feel your anger nearly subside.
You are no longer berserk.
You are exhausted.
You feel yourself slow down.
You feel sick.
The cane toad attacks as it pursues you!
The cane toad stings you!!
You die...

#####.P#.# #.#..#
#........# #####..###
#........####........#
#..........##......<..
#........#.##.........
#........#.##.........
#....^...#.##.........
#........#.#P.........
#....@...#............
##..#F#######........P
###F.## #.....(..#
##..## . ##..# ..
######'### ..
#........###


PPP #........'.# )PPP #..........#..PPP. You could see 2 cane toads.

Vanquished Creatures
  A two-headed ogre (D:10)
  The ghost of lasso the Martial Artist, a novice OpSh of Gozag (D:9)
  Nergalle (D:10)
  A cyclops (D:10)
  3 cane toads (Lair:1)
  A gargoyle (D:10)
  A komodo dragon (Lair:1)
  Maggie (D:7)
  A troll (D:10)
  2 raiju (D:7)
  A shadow (D:10)
  A vampire (D:10)
  3 wyverns
  11 yaks (D:9)
  A steam dragon (D:8)
  Menkaure (D:7)
  2 water moccasins
  2 black bears
  4 orc warriors
  2 sky beasts
  An ice beast (D:5)
  4 centaurs
  3 ogres
  A phantom (D:6)
  Blork the orc (D:5)
  4 bullfrogs
  6 kobold brigands
  A brain worm (Sewer)
  3 scorpions
  3 killer bees (D:9)
  4 electric eels (D:7)
  A howler monkey (D:4)
  3 jellies
  4 hounds
  5 orc priests
  4 sleepcaps
  2 gnoll boudas
  8 iguanas
  6 orc wizards
  6 gnolls
  6 adders
  2 river rats (Sewer)
  2 shadow imps
  4 ribbon worms
  A dart slug (D:1)
  33 orcs
  8 ball pythons
  10 endoplasms
  2 giant cockroaches
  6 goblins
  7 hobgoblins
  8 jackals
  39 kobolds
  3 quokkas
  2 bats
  2 frilled lizards
  13 rats
259 creatures vanquished.

Vanquished Creatures (others)
  A human (D:5)
  An orc wizard (D:9)
  46 fulminant prisms
48 creatures vanquished.

Grand Total: 307 creatures vanquished

Notes
Turn   | Place    | Note
-------+----------+-------------------------------------------
     0 | D:1      | Gabide the Demigod Conjurer began the quest for the Orb.
     0 | D:1      | Reached XP level 1. HP: 14/14 MP: 5/5
   181 | D:1      | Reached XP level 2. HP: 6/22 MP: 0/7
   542 | D:1      | You fall into a shaft and drop 1 floor!
  1364 | D:2      | Reached XP level 3. HP: 27/27 MP: 0/8
  1367 | D:2      | Reached skill level 1 in Fighting
  1954 | D:2      | Learned a level 2 spell: Searing Ray
  2530 | D:3      | Found Ytaimo Pieh's Book Shoppe.
  2660 | D:3      | Reached skill level 4 in Conjurations
  2660 | D:3      | Reached XP level 4. HP: 35/35 MP: 2/10
  2915 | D:3      | Identified the ring of Recklessness {Fly rN+ Str+3 Int-5}
  3407 | D:4      | Found Ysapt's Antique Weapon Shoppe.
  3451 | D:4      | Reached XP level 5. HP: 14/41 MP: 0/11
  3629 | D:4      | Found Etatan's Armour Shoppe.
  3652 | D:4      | Bought a +0 helmet for 45 gold pieces
  4215 | D:4      | Reached XP level 6. HP: 26/50 MP: 7/13
  4573 | D:5      | Entered Level 5 of the Dungeon
  4593 | D:5      | Noticed Blork the orc
  4736 | D:5      | Learned a level 2 spell: Blink
  4911 | D:5      | Reached skill level 5 in Conjurations
  5270 | D:5      | Found a staircase to the Ecumenical Temple.
  5277 | D:5      | Reached XP level 7. HP: 57/57 MP: 7/16
  5391 | D:5      | Killed Blork the orc
  5687 | Temple   | Entered the Ecumenical Temple
  6022 | D:5      | Noticed a human
  6024 | D:5      | Killed a human
  6195 | D:5      | Reached skill level 6 in Conjurations
  6534 | D:6      | Reached skill level 5 in Spellcasting
  6645 | D:6      | Found a glowing drain.
  6654 | Sewer    | Entered a sewer
  6723 | Sewer    | Reached XP level 8. HP: 63/63 MP: 13/20
  8816 | D:7      | Noticed Maggie
  8825 | D:7      | Killed Maggie
  8826 | D:7      | Reached skill level 7 in Conjurations
  8826 | D:7      | Reached XP level 9. HP: 71/71 MP: 13/23
  9324 | D:7      | Learned a level 4 spell: Fulminant Prism
  9329 | D:7      | Learned a level 4 spell: Iskenderun's Mystic Blast
  9497 | D:7      | Noticed Menkaure
  9498 | D:7      | Killed Menkaure
 10253 | D:7      | Reached skill level 8 in Conjurations
 10849 | D:7      | Identified a scroll of acquirement
 10849 | D:7      | Acquired the +1 hat of Nemelex Xobeh's Favour {Will+ Regen+
                  | Dex+3}
 11821 | D:9      | Reached skill level 5 in Fighting
 11821 | D:9      | Reached skill level 5 in Dodging
 11829 | D:9      | Reached XP level 10. HP: 68/81 MP: 3/26
 12004 | D:9      | Reached skill level 9 in Conjurations
 12397 | D:9      | Found a runed translucent gate.
 12397 | D:9      | Found a runed translucent gate.
 12397 | D:9      | Noticed lasso's ghost (novice OpSh)
 12398 | D:9      | Found a runed translucent gate.
 13008 | D:9      | Found a staircase to the Lair.
 13409 | D:9      | Killed lasso's ghost
 13542 | D:10     | Entered Level 10 of the Dungeon
 13542 | D:10     | Found Necvas's Antique Weapon Shop.
 13657 | D:10     | Noticed Nergalle
 13683 | D:10     | Killed Nergalle
 13831 | D:10     | Noticed a cyclops
 14167 | D:10     | Found Ziawkian's Antique Weapon Boutique.
 14252 | D:10     | Noticed a two-headed ogre
 14281 | D:10     | Killed a two-headed ogre
 14442 | D:10     | Found Japnoth's Antique Weapon Shoppe.
 14500 | D:10     | Found Gilo's Assorted Antiques.
 14525 | D:10     | Killed a cyclops
 14526 | D:10     | Reached skill level 10 in Conjurations
 14526 | D:10     | Reached XP level 11. HP: 89/89 MP: 8/28
 14904 | D:10     | Found Ymutwy's Antique Armour Shop.
 15203 | D:3      | Bought a book of Spontaneous Combustion for 418 gold pieces
 15209 | D:3      | Learned a level 5 spell: Irradiate
 15621 | Lair:1   | Entered Level 1 of the Lair of Beasts
 15758 | Lair:1   | Reached skill level 1 in Alchemy
 16094 | Lair:1   | HP: 6/133 [poisoned by a cane toad]
 16097 | Lair:1   | HP: 2/89 [poisoned by a cane toad]
 16097 | Lair:1   | Demolished by a cane toad

Illustrated notes

Levels and vault maps discovered:
D:1:      amcnicky_arrival_feature_with_door, layout_loops_ring,
          minmay_misc_feat_cross
D:2:      layout_rooms
D:3:      layout_loops_ring, serial_shops, shop,
          shapermc_ecumenical_altar_flowoftime, minmay_box_of_dots
D:4:      minmay_evil_eye, layout_rooms, serial_shops, shop, shop,
          minmay_unequal
D:5:      layout_basic, tgw_kikubaaqudgha, minmay_temple_entry_stoned_glass,
          uniq_blork_the_orc
D:6:      layout_rooms, nicolae_overflow_macrodata_refinement,
          nicolae_overflow_hidden_temple, portal_sewer_entry_d,
          hangedman_minor_gate_pass
D:7:      kennysheep_kobold_camp, layout_rooms, nicolae_have_a_lightning_rod,
          uniq_maggie, uniq_menkaure
D:8:      layout_loops_ring, nicolae_ru_sacrificial_ziggurat
D:9:      layout_loops_ring, dpeg_oklobed_lair, ebering_ghost_rock_garden,
          minmay_fountain_box
D:10:     layout_basic, serial_shops, nicolae_shop_peninsula,
          nicolae_shop_waterfront, shop, nicolae_shop_rolling_square, shop,
          palyth_stone_intersect, uniq_nergalle
Temple:   cyrus_circular_temple
Lair:1:   layout_roguey, basic_altar, minmay_lair_oklob_bushes,
          chequers_serial_rivers_micro_a

Skill      XL: |  1  2  3  4  5  6  7  8  9 10 11 |
---------------+----------------------------------+-----
Stealth        | 2 3 |  3.0
Dodging        | 2 3 4 5 6 |  6.0
Spellcasting   | 2 3 5 6 8 9 |  9.8
Fighting       | 1 2 3 5 6 |  6.0
Conjurations   | 4 5 6 7 8 10 | 10.3
Alchemy        | 1 |  1.7

Action                     |  1- 3 |  4- 6 |  7- 9 | 10-12 || total
---------------------------+-------+-------+-------+-------++-------
  Melee: Unarmed           |     5 |       |       |       ||     5
         Punch             |     1 |       |       |       ||     1
         Dagger            |    13 |    31 |       |       ||    44
         Whip              |       |       |     5 |    21 ||    26
  Throw: Javelin           |       |     9 |       |       ||     9
         Dart              |       |       |     1 |     1 ||     2
   Cast: Magic Dart        |   109 |    76 |   146 |       ||   331
         Searing Ray       |     4 |    18 |    65 |       ||    87
         Iskenderun's Myst |       |       |    16 |    75 ||    91
         Fulminant Prism   |       |       |    13 |    33 ||    46
         Blink             |       |       |     1 |       ||     1
  Evoke: Lightning rod     |       |       |       |     4 ||     4
    Use: Potion            |     1 |     1 |       |     2 ||     4
         Scroll            |     5 |     2 |    15 |       ||    22
 Armour: Robe              |    42 |    40 |    22 |       ||   104
         Steam dragon scal |       |       |    39 |    59 ||    98
  Dodge: Dodged            |    53 |    36 |    58 |    43 ||   190
